[Event "SixDays Budapest January-GM 2023"]
[Site "Budapest"]
[Date "2023.01.23"]
[Round "1.1"]
[White "Chen, Qi b"]
[Black "Pajeken, Jakob Leon"]
[Result "1-0"]
[ECO "C88"]
[WhiteElo "2484"]
[BlackElo "2449"]
[Annotator "TA"]
[PlyCount "119"]
[EventDate "2023.01.23"]
[EventType "tourn"]
[EventCountry "HUN"]
[SourceTitle "playchess.com"]
[Source "ChessBase"]
[SourceQuality "1"]
[TimeControl "5400+30"]

1. e4 e5 2. Nf3 Nc6 3. Bb5 a6 4. Ba4 Be7 5. O-O Nf6 6. Re1 b5 7. Bb3 O-O 8. h3 Bb7 9. d3 Na5 10. Nxe5 Nxb3 11. axb3 d5 {[%emt 0:00:03] C88: Closed Ruy Lopez: Anti-Marshall Systems.} 12. exd5 Qxd5 {[%emt 0:00:06][%csl Gb7][%cal Rd5g2] 12...Nxd5 is vanishing.} 13. Qf3 Bd6 {[%emt 0:01:07] White is slightly better.} 14. Qxd5 {[%emt 0:01:25] 14.Kf1 injects fresh life into this line.} Nxd5 {[%emt 0:00:05] [#]} 15. Kf1 $146 ({Predecessor:} 15. Bd2 Rfe8 16. Nf3 f6 17. Kf1 c5 18. c4 Nc7 19. Nc3 Bxf3 20. gxf3 Be5 21. f4 {1-0 Tsydypov,Z (2534)-Petrov,N (2537) RUS GP Top 28 Rapid 2022 (6)}) 15... Nb4 16. Na3 Rfe8 17. Nf3 Bxf3 {[%emt 0:01:00] This pair of bishops is nice.} 18. Rxe8+ Rxe8 19. gxf3 Nc6 20. f4 (20. c3 $5 ) 20... Nd4 21. Be3 Nf5 22. Bd2 (22. Re1 $5) 22... Nd4 23. Be3 Nf5 24. Re1 Re6 25. c4 c6 {[%emt 0:02:25] [#]} ({Black should play} 25... bxc4 $14 26. Nxc4 Bb4) 26. Nc2 $1 $16 Rh6 $2 {[%emt 0:03:12] [#]} (26... Re8 $16 {is a better defense.}) 27. Nd4 $2 (27. Ra1 $1 $18 {is the precise move to win.}) 27... Nxd4 28. Bxd4 {[%emt 0:00:04][%mdl 4096] Endgame Strongly threatening Re8+. KRB-KRB} Kf8 {[%emt 0:02:02] Prevents Re8+} 29. Kg2 Bxf4 30. Ra1 Ke8 31. Bxg7 Rd6 32. Kf3 Bg5 33. Re1+ (33. Ke4 $16) 33... Kd7 34. Rd1 f6 {[%emt 0:02:23] White stays focused until the end.} ({Better is} 34... Be7 $14) 35. Bf8 Rd4 36. Bc5 Rh4 37. Kg2 a5 38. Bb6 b4 (38... Rh5 {was called for.} 39. Bxa5 Bf4) 39. Ra1 Bf4 40. Rxa5 Be5 41. Be3 {[%emt 0:01:50][%cal Oa5e5] aiming for Rxe5!} Kd6 42. Ra4 f5 43. Rxb4 {[%emt 0:02:08] Black must now prevent c5+.} f4 44. c5+ Kd5 {[%emt 0:00:29] Hoping for ...f3+.} 45. f3 Bxb2 46. Bf2 {[%emt 0:00:14][%mdl 64] Deflection} ({Much less strong is} 46. Rxf4 Rxf4 47. Bxf4 Kxc5 48. Be3+ Kd6 $18) ({Not} 46. Bxf4 Be5 $18) 46... Rh5 47. Rxf4 Be5 48. Rf8 Rg5+ 49. Kf1 {[%emt 0:00:06] f4 would be deadly.} Rh5 50. h4 {[%emt 0:00:25][%cal Od3d4] d4! is the strong threat.} Rh6 $2 {[%emt 0:00:44] [#]} (50... Ke6 51. d4 Bf6) 51. d4 $1 $18 {[%emt 0:00:45] White is clearly winning.} Bc7 (51... Bh2 52. Kg2) 52. Rf7 Bb8 53. Ke2 Ke6 54. Rb7 Bf4 55. Kd3 Bc1 56. Rc7 Kf5 57. b4 Rf6 58. Bg3 Kg6 59. Ke4 Bd2 60. Be5 {[%emt 0:00:04] Weighted Error Value: White=0.14 (very precise) /Black=0.34} 1-0

[Event "SixDays Budapest January-GM 2023"]
[Site "Budapest"]
[Date "2023.01.23"]
[Round "1.2"]
[White "Nagy, Gabor"]
[Black "Berczes, David"]
[Result "1/2-1/2"]
[ECO "A05"]
[WhiteElo "2499"]
[BlackElo "2436"]
[Annotator "TA"]
[PlyCount "36"]
[EventDate "2023.01.23"]
[EventType "tourn"]
[EventCountry "HUN"]
[SourceTitle "playchess.com"]
[Source "ChessBase"]
[SourceQuality "1"]
[TimeControl "5400+30"]

1. Nf3 Nf6 2. g3 d5 3. Bg2 c6 4. b3 Bg4 5. Bb2 Nbd7 6. O-O e6 7. d3 Bd6 8. Nbd2 O-O 9. c4 {[%emt 0:00:05] [#]} {Predecessor:} Re8 $146 {A12: English Opening: 1...c6 with b3 by White.} 10. a3 a5 11. Qc2 e5 12. h3 Bh5 13. Nh4 Rc8 14. Rfe1 b5 15. e3 Bb8 16. Rac1 Nb6 17. g4 Bg6 18. Nxg6 hxg6 {0-1 Sviridov,V (2561)-Nepomniachtchi,I (2773) Titled Tuesday intern op 08th Feb Late blitz 2022 (10)} 1/2-1/2

[Event "SixDays Budapest January-GM 2023"]
[Site "Budapest"]
[Date "2023.01.23"]
[Round "1.3"]
[White "Hacker, Jonas"]
[Black "Olsen, Filip Boe"]
[Result "1/2-1/2"]
[ECO "A15"]
[WhiteElo "2446"]
[BlackElo "2428"]
[Annotator "TA"]
[PlyCount "58"]
[EventDate "2023.01.23"]
[EventType "tourn"]
[EventCountry "HUN"]
[SourceTitle "playchess.com"]
[Source "ChessBase"]
[SourceQuality "1"]
[TimeControl "5400+30"]

1. c4 Nf6 2. Nf3 e6 3. Nc3 d5 4. e3 b6 5. b3 Bb7 6. Bb2 {[%emt 0:00:32] A17: English Opening: 1...Nf6 with ...Bb4.} Nbd7 7. Rc1 a6 8. cxd5 exd5 9. Ne2 Bd6 10. Ned4 {[%emt 0:00:58] [#]} g6 $146 {[%emt 0:05:53] Repels Nf5} (10... c5 $11 11. Nf5 Bf8) ({Predecessor:} 10... c5 11. Nf5 Bf8 12. d4 g6 13. Ng3 Bg7 14. Bd3 O-O 15. O-O Re8 16. Qe2 Ne4 {1-0 Adhiban,B (2611)-Ajay,K (2430) Sitges Sunway op 9th 2022 (3)}) 11. Nc6 $14 Bxc6 12. Rxc6 O-O 13. Be2 {[%emt 0:06:29] White is more active.} Re8 14. O-O Nb8 15. Rc1 Nbd7 16. Qc2 c5 17. d4 Qe7 18. Rfe1 Ne4 19. Bd3 Ra7 20. Qe2 a5 21. Bb5 Rd8 22. h3 Rc7 23. Red1 Ndf6 24. dxc5 bxc5 25. Rc2 h5 26. Nd2 Ng5 27. Nf3 Nge4 28. Nd2 Ng5 29. Nf3 Nge4 {Weighted Error Value: White=0.15 (very precise) /Black=0.11 (very precise)} 1/2-1/2

[Event "SixDays Budapest January-GM 2023"]
[Site "Budapest"]
[Date "2023.01.23"]
[Round "1.4"]
[White "Ghazarian, Kirk"]
[Black "Can, Isik"]
[Result "1-0"]
[ECO "D85"]
[WhiteElo "2466"]
[BlackElo "2488"]
[Annotator "TA"]
[PlyCount "129"]
[EventDate "2023.01.23"]
[EventType "tourn"]
[EventCountry "HUN"]
[SourceTitle "playchess.com"]
[Source "ChessBase"]
[SourceQuality "1"]
[TimeControl "5400+30"]

1. d4 Nf6 2. c4 g6 3. Nc3 d5 4. cxd5 Nxd5 5. e4 Nxc3 6. bxc3 Bg7 7. Nf3 c5 8. Be3 Qa5 9. Qd2 Nc6 10. Rb1 a6 11. Rc1 cxd4 12. cxd4 Qxd2+ 13. Kxd2 e6 14. Bd3 {[%emt 0:01:30] D85: Exchange Grünfeld: Unusual White 7th moves and lines with 7 Nf3.} O-O 15. Ke2 Rd8 16. Rc4 {[%emt 0:06:13] The position is equal.} Bd7 17. Rhc1 Be8 18. h4 {[%emt 0:07:55] [#]} Rd7 $146 ({Predecessor:} 18... h5 19. e5 Bf8 20. Be4 Rab8 21. Ke1 Nb4 22. Bg5 b5 23. Rc7 Nxa2 24. Ra1 Nb4 25. Bxd8 Rxd8 {0-1 Gatineau,Y (2423)-Demuth,A (2483) FRA-chT 16 Final-A blitz 2021 (1)}) 19. e5 h6 20. Be4 Rc7 21. Nd2 Rac8 22. Bd3 f5 23. exf6 $1 Bxf6 24. Ne4 (24. Nf3 $5 ) 24... Be7 25. Kf1 (25. Bxh6 b5 26. R4c3 Nxd4+ 27. Kf1 Rxc3 28. Rxc3 Rxc3 29. Nxc3 Bxh4 $15) 25... Bf7 26. Bxh6 e5 $1 {[%emt 0:01:02][%mdl 64] Repels Bf4. Discovered Attack} 27. R4c2 $36 {[%emt 0:00:13][%mdl 2048] Hoping for dxe5. White is pushing.} ({Of course not} 27. dxe5 Bxc4 28. Rxc4 (28. Bxc4+ Kh7 $17) 28... b5 $17) 27... Rd8 28. Ng5 Rxd4 {[%emt 0:11:02] White now steadily converts the win.} (28... Bxg5 $14 29. Bxg5 Rxd4 30. Bxa6 bxa6) 29. Nxf7 $16 Kxf7 30. Bc4+ Ke8 31. g3 Ba3 32. Re1 Bb4 33. Rb1 Rdd7 34. Be6 Rd6 35. Bg4 {[%emt 0:00:50] Black must now prevent Rxb4. White is more active.} a5 36. Rb3 Rf7 37. Kg2 Nd4 38. Rc8+ Rd8 39. Rxd8+ Kxd8 40. Re3 Bd6 {[%emt 0:03:24] [#]} (40... Nc6 $142 41. Bg5+ Kc7) 41. Bg5+ $1 $18 Kc7 {[%emt 0:00:05] [#]} 42. Rc3+ $1 Nc6 43. Bf3 Bb4 44. Rc2 Rd7 (44... Be7 $142 45. Bd5 Rg7) 45. Be4 Rd6 46. g4 Kd7 47. h5 gxh5 48. gxh5 Nd4 {[%emt 0:00:17] [#]} (48... Rd4 $142) 49. h6 $1 Re6 (49... Rxh6 50. Bxh6) 50. h7 Re8 51. Bg6 {[%emt 0:00:33] This pair of bishops is nice.} Rb8 52. Rc1 Be7 {[%emt 0:00:20] [#]} 53. Rc7+ $3 {[%emt 0:00:57][%mdl 576] Deflection, Promotion} Kxc7 54. Bxe7 {[%emt 0:00:02][%mdl 4096] Endgame KRN-KB} Ne6 55. Be4 b5 56. Bf6 Kd6 57. h8=Q ({Weaker is} 57. h8=B Rg8+ 58. Kf1 Ng5 59. Bxe5+ Ke6 $16) 57... Rxh8 58. Bxh8 b4 59. Bc2 Nd4 60. Bd3 {[%emt 0:01:00][%cal Of2f4] And now f4! would win.} a4 {[%emt 0:00:18] [#]} (60... Kd5 $142 61. f3 Ne6 62. Be4+ Kd4) 61. f4 $1 {[%emt 0:00:31] White is clearly winning.} Nc6 (61... b3 62. Bxe5+) 62. Bb5 {[%emt 0:00:28] Intending Bxc6 and mate.} exf4 63. Bxa4 Kc5 64. Kf3 Na5 65. Bb3 {[%emt 0:00:32] Excellently played by Ghazarian!   Weighted Error Value: White=0.14 (very precise) /Black=0.26 (precise)} 1-0

[Event "SixDays Budapest January-GM 2023"]
[Site "Budapest"]
[Date "2023.01.23"]
[Round "1.5"]
[White "Kozak, Adam"]
[Black "Lucas, Arthur"]
[Result "1/2-1/2"]
[ECO "E94"]
[WhiteElo "2558"]
[BlackElo "2412"]
[Annotator "TA"]
[PlyCount "185"]
[EventDate "2023.01.23"]
[EventType "tourn"]
[EventCountry "HUN"]
[SourceTitle "playchess.com"]
[Source "ChessBase"]
[SourceQuality "1"]
[TimeControl "5400+30"]

1. d4 Nf6 2. c4 g6 3. Nc3 Bg7 4. e4 d6 5. Nf3 O-O 6. Be2 e5 7. O-O exd4 8. Nxd4 Re8 9. f3 c6 10. Kh1 d5 (10... Nfd7 $14) 11. cxd5 $16 {[%emt 0:01:49] E94: King's Indian: Classical: 6 Be2 e5 7 0-0: Various Black 7th moves.} cxd5 12. Bg5 {[%emt 0:03:27] aiming for Nxd5.} Nc6 {[%emt 0:00:37] [#]} 13. Bb5 $1 {[%emt 0:31:47] White is more active. White is better.} h6 14. Nxc6 bxc6 15. Bxc6 hxg5 16. Bxa8 {[%emt 0:00:18] And now Bc6 would win.} d4 {[%emt 0:00:52] [#]} 17. Bc6 $5 $146 {[%emt 0:03:01][%mdl 8] An interesting novelty.} (17. Ne2 $1 $16) ({Predecessor:} 17. Nd5 Ba6 18. Bc6 Re6 19. Rc1 Bxf1 20. Qxf1 g4 21. Nf4 Re7 22. Nd3 gxf3 23. Qxf3 {½-½ Ding,L (2791)-Carlsen,M (2863) Chessable Masters Final rapid 2020 (2.14)}) 17... dxc3 $11 18. Bxe8 Qxe8 19. bxc3 {[%emt 0:00:08] White wants to play Qd4.} (19. Rb1 $5 ) 19... Ba6 (19... g4 $11 {remains equal.}) 20. Re1 $16 {[%emt 0:01:46] Threatens to win with e5.} Nh5 21. Qd6 Bc4 (21... Qa4 $16) 22. Rad1 (22. Qc5 $18 Qe6 23. Red1 (23. Qxa7 Bxc3 24. Qc7 Bxa1 $11)) 22... Bxa2 23. Qd8 Qxd8 24. Rxd8+ Kh7 25. Rc1 {[%emt 0:04:57] Hoping for c4.} Bc4 26. Rc8 {[%emt 0:06:30] Inhibits Nf4.} (26. g3 $142) 26... Be6 27. Rc7 Nf4 28. Ra1 Ne2 29. Ra3 g4 30. Raxa7 (30. fxg4 $14 Be5 31. Raxa7 (31. Rcxa7 Nxc3 32. R7a5 Bd4 $16)) 30... Nxc3 31. Rxf7 Bxf7 32. Rxf7 g5 33. Re7 (33. fxg4 $14 Kg6 34. Rf5) 33... Kg6 (33... gxf3 $1 $11 34. gxf3 Ne2) 34. Kg1 ({White should try} 34. fxg4 $14 Kf6 35. Re8) 34... gxf3 $11 35. gxf3 Ne2+ 36. Kf2 Nf4 37. Kg3 Nh5+ 38. Kh3 (38. Kg4 $5 Nf6+ 39. Kh3 $16) 38... Bd4 39. Re6+ Kf7 40. Ra6 Nf6 41. Ra5 Be3 42. Rf5 {[%emt 0:00:31] Black must now prevent e5.} Ke6 43. Kg2 Nh5 44. Ra5 Nf4+ 45. Kg3 Nh5+ 46. Kh3 Bd2 47. Ra6+ Ke5 48. Ra2 Be3 49. Ra8 Nf6 50. Ra5+ Ke6 51. Kg2 Bd2 52. Rb5 Be3 53. Rb3 Bd2 54. Ra3 Ke5 55. Rb3 Ke6 56. Kf2 Bf4 57. Rb6+ Ke5 58. Rb5+ Ke6 59. Rf5 {[%emt 0:00:22][%cal Oh2h4] Strongly threatening h4!} Bc1 60. Kg3 Bd2 61. Kf2 Bc1 62. Rc5 Bf4 63. Rc6+ Ke5 64. Kg2 Bd2 65. Rc7 Ke6 66. Ra7 Be3 67. Ra8 Bd2 68. Rh8 Kf7 69. h4 g4 70. Rb8 Be1 71. fxg4 Nxg4 72. h5 Nf6 73. Rb7+ Kg8 74. Rb5 (74. h6 {seems wilder.} Bd2 75. e5 Nh5 76. h7+) 74... Nxe4 75. Re5 {[%emt 0:00:03] White has an edge.} Nf6 76. Rxe1 Nxh5 {[%emt 0:00:04][%mdl 4096] Endgame KR-KN} 77. Kf3 Kf7 78. Kg4 Ng7 79. Kg5 Ne6+ 80. Kf5 Ng7+ 81. Ke5 Kg6 82. Rf1 Nh5 83. Rh1 Ng7 84. Rb1 Nh5 85. Rb6+ Kf7 86. Rh6 Ng7 $1 87. Rf6+ Ke7 88. Rf1 Ne6 89. Ra1 {[%emt 0:00:01] Intending Ra7+ and mate.} Nc7 90. Rh1 Kd7 91. Rh6 Ne8 92. Rg6 Nc7 93. Rh6 {[%emt 0:00:44] Weighted Error Value: White=0.13 (very precise) /Black=0.11 (very precise)} 1/2-1/2

[Event "SixDays Budapest January-GM 2023"]
[Site "Budapest"]
[Date "2023.01.24"]
[Round "2.1"]
[White "Pajeken, Jakob Leon"]
[Black "Lucas, Arthur"]
[Result "1-0"]
[ECO "C11"]
[WhiteElo "2449"]
[BlackElo "2412"]
[Annotator "TA"]
[PlyCount "73"]
[EventDate "2023.01.23"]
[EventType "tourn"]
[EventCountry "HUN"]
[SourceTitle "playchess.com"]
[Source "ChessBase"]
[SourceQuality "1"]
[TimeControl "5400+30"]

1. e4 e6 2. d4 d5 3. Nc3 Nf6 4. e5 Nfd7 5. f4 c5 6. Nf3 Nc6 7. Be3 cxd4 8. Nxd4 Qb6 9. Qd2 Qxb2 10. Rb1 Qa3 11. Bb5 {[%emt 0:02:21] Rb3 is the strong threat.} Nxd4 {[%emt 0:00:18] C11: French: Classical System: 4 e5 and 4 Bg5 dxe4.} 12. Bxd4 (12. Qxd4 a6 13. Bxd7+ Bxd7 14. Rxb7 Rc8 $17) 12... a6 13. Bxd7+ Bxd7 {[%emt 0:00:02] The position is equal.} 14. Rb3 Qe7 15. Rxb7 Qh4+ {[%emt 0:00:44] is now more promising than 15...Rc8.} 16. g3 Qd8 17. O-O $36 {[%emt 0:04:45][%cal Bh1f1,Bf1b1,Bb1d1][%mdl 2080] White has some pressure.} Rc8 18. Rfb1 {[%emt 0:08:08][%cal Of4f5] [#]} Bc5 $146 ({Predecessor:} 18... Qa5 19. f5 Bc5 20. fxe6 Bxe6 21. R1b3 O-O 22. Kg2 Bxd4 23. Qxd4 Rc4 24. Qd3 d4 {0-1 Tari,A (2660)-Xiong,J (2692) Titled Tuesday intern op 15th Nov Late blitz 2022 (7)}) 19. Bxc5 Rxc5 20. f5 {[%emt 0:07:57][%cal Of5f6] Threatens to win with f6!} exf5 (20... Qa5 $11 21. R1b3 Rc4) 21. Qe3 (21. Nxd5 $18 {and the rest is easy. Qd4 would be deadly.} Bb5 22. Rd1 Rxd5 23. Qxd5 Qxd5 24. Rxd5) 21... Rc4 {[%emt 0:09:17][%mdl 8192] Black cannot hold the game after this.} (21... Rc8 $16 {is tougher.}) 22. Nxd5 $18 {[%emt 0:01:08] And now Qa3 would win.} O-O {[%emt 0:05:04] [#] Black is weak on the dark squares} 23. Rd1 $1 {[%emt 0:01:20][%cal Ob7d7] Black must now prevent Rxd7!} Re4 24. Qa7 Qa5 25. Rxd7 {[%emt 0:00:47] aiming for Ne7+.} (25. Ne7+ Kh8 $18) 25... Re1+ 26. Kf2 ({Weaker is} 26. Rxe1 Qxe1+ 27. Kg2 Qe4+ 28. Kg1 Qe1+ 29. Kg2 Qe4+ 30. Kf1 Qxc2 31. Ne7+ (31. Qxa6 Qxh2 32. Qd3 Qh1+ 33. Kf2 Qh2+ 34. Kf3 Qh1+ 35. Kf4 g6 $18) 31... Kh8 $18) 26... Rxd1 27. Ne7+ {[%emt 0:00:03][%mdl 64] Discovered Attack, Double Attack} Kh8 {[%emt 0:00:03] ( -> ...Qe1+)} 28. Rxd1 Qxe5 29. Qe3 Qb2 30. Qb3 ({Inferior is} 30. Nxf5 Qxc2+ 31. Qe2 Qxf5+ 32. Kg2 Kg8 $17) 30... Qf6 31. Nd5 Qh6 32. Kg2 Re8 33. Qc4 {[%emt 0:01:12] Dodges Qc6} Qh5 {[%emt 0:01:02] [#]} (33... Qe6 {was called for.} 34. Rd2 h6) 34. Re1 $3 {[%emt 0:00:14][%cal Re1e8][%mdl 576] Deflection, Back Rank} Rg8 (34... Rd8 35. Qxa6) 35. Nf4 Qh6 36. Re7 g5 37. Rxf7 {[%emt 0:00:51] Excellently played by Pajeken!   Weighted Error Value: White=0.18 (very precise) /Black=0.75} (37. Nh5 $142 f4 38. Qd4+ Qg7 39. Nxg7 h6 40. Nf5+ {[%mdl 64] Discovered Attack} Kh7 41. Rxf7+ Kg6 42. Qf6+ Kh5 43. Qxh6+ Kg4 44. Qh3#) 1-0

[Event "SixDays Budapest January-GM 2023"]
[Site "Budapest"]
[Date "2023.01.24"]
[Round "2.2"]
[White "Can, Isik"]
[Black "Kozak, Adam"]
[Result "1/2-1/2"]
[ECO "C26"]
[WhiteElo "2488"]
[BlackElo "2558"]
[Annotator "TA"]
[PlyCount "92"]
[EventDate "2023.01.23"]
[EventType "tourn"]
[EventCountry "HUN"]
[SourceTitle "playchess.com"]
[Source "ChessBase"]
[SourceQuality "1"]
[TimeControl "5400+30"]

1. e4 e5 2. Nc3 Nf6 3. Bc4 Bc5 4. d3 c6 5. Nf3 d6 6. a4 {[%emt 0:07:10] C27: Vienna Game: 2...Nf6 3 Bc4 Nxe4.} a5 7. h3 O-O 8. O-O h6 9. Re1 Re8 {[%emt 0:12:11] [#]} 10. Ba2 $146 ({Predecessor:} 10. Be3 Bb4 11. Bd2 Bc5 12. Be3 Bb4 {½-½ Abramov,G (2198)-Silin,V (2303) RUS-ch qf 12-1 email 2012}) 10... Nbd7 11. Be3 Bb4 12. Nd2 Nf8 13. d4 exd4 14. Bxd4 Ne6 15. Be3 Nc5 16. Nc4 d5 ({Resist} 16... Nfxe4 17. Nxe4 Nxe4 18. c3 $16) ({Don't do} 16... Ncxe4 17. Bb6 Qd7 18. Nxe4 Nxe4 19. c3 $16) 17. exd5 cxd5 18. Bxc5 Rxe1+ 19. Qxe1 Bxc5 20. Rd1 Be6 21. Ne3 Bb4 22. Bxd5 Bxd5 23. Nexd5 Nxd5 24. Qe4 (24. Rxd5 $2 {loses.} Qxd5 25. Nxd5 Bxe1 $19) 24... Bxc3 25. bxc3 Qe8 26. Qxe8+ Rxe8 27. Rxd5 $11 {[%emt 0:00:03][%mdl 4096] Endgame KR-KR} Re1+ 28. Kh2 Re2 29. Rxa5 Rxf2 30. Ra8+ Kh7 31. Rb8 Rxc2 32. Rxb7 Rxc3 33. Rxf7 Ra3 34. Ra7 {[%emt 0:00:34] And now Ra6 would win.} h5 35. h4 Kg6 36. a5 Ra4 {[%emt 0:01:57] The position is equal.} 37. Kg3 Kf6 38. Ra6+ Kf5 39. Ra8 Ra3+ 40. Kh2 g6 41. Rf8+ Ke6 42. Ra8 Kf5 43. Ra6 (43. a6 $5 ) 43... Ra4 44. Kh3 Ra3+ 45. g3 Ra2 46. Ra7 Ke5 {[%emt 0:00:46] Weighted Error Value: White=0.03 (flawless) /Black=0.03 (flawless)} 1/2-1/2

[Event "SixDays Budapest January-GM 2023"]
[Site "Budapest"]
[Date "2023.01.24"]
[Round "2.3"]
[White "Olsen, Filip Boe"]
[Black "Ghazarian, Kirk"]
[Result "1/2-1/2"]
[ECO "E03"]
[WhiteElo "2428"]
[BlackElo "2466"]
[Annotator "TA"]
[PlyCount "102"]
[EventDate "2023.01.23"]
[EventType "tourn"]
[EventCountry "HUN"]
[SourceTitle "playchess.com"]
[Source "ChessBase"]
[SourceQuality "1"]
[TimeControl "5400+30"]

1. d4 Nf6 2. c4 e6 3. g3 d5 4. Bg2 dxc4 5. Qa4+ Nbd7 6. Qxc4 c5 {[%emt 0:00:09] E03: Open Catalan: 5 Qa4+ Nbd7 6 Qxc4.} 7. Nf3 a6 8. Qb3 cxd4 9. Nxd4 Nc5 10. Qc3 {[%emt 0:00:41] [#]} Be7 $146 ({Predecessor:} 10... Bd7 11. O-O Rc8 12. Bf4 Be7 13. Qd2 b5 14. Rd1 O-O 15. Nb3 Na4 16. Nc3 Nxc3 17. bxc3 {½-½ Schelberg,M (1570)-Beckmann,K (1856) GER T267-E03-S email 2017}) 11. O-O O-O 12. Nb3 Nd5 13. Qf3 Bd7 14. Rd1 Qc7 15. e4 {[%emt 0:09:14] Strongly threatening Nxc5.} Nb6 16. Nxc5 (16. Nc3 $5 ) 16... Bxc5 17. Nc3 Bc6 18. Bf4 Qe7 19. h4 Rad8 20. Qg4 (20. Rac1 $11) 20... Nc4 (20... e5 $1 $15 21. Bc1 Bd4) 21. e5 {[%emt 0:05:34] [#]} Bxf2+ $1 {[%emt 0:26:03][%mdl 64] Decoy} 22. Kxf2 {[%emt 0:01:19] Threatens to win with Bxc6.} Qc5+ 23. Kf1 {[%emt 0:00:46] And now Qe2 would win.} Nxb2 24. Rxd8 Rxd8 25. Bxc6 Qxc6 26. Ne2 Qe4 {[%emt 0:06:20] White must now prevent ...Rd2.} 27. Ng1 $1 Nc4 ({Less strong is} 27... Rd2 28. Qf3 Qc4+ 29. Ne2 $16) (27... Nd3 $14 28. Qf3 (28. Nf3 $2 Qc4 $19) 28... Qc4) 28. Qe2 $16 Qd5 29. Nf3 b5 30. Kg1 h6 31. Kh2 a5 32. Rb1 ({White should play} 32. Rc1) 32... b4 33. Ne1 (33. Rc1 $5 Nb6 34. Rc2 $16) 33... Na3 (33... Nd2 $11 {remains equal.} 34. Rb2 Ne4) 34. Rb2 Qd1 35. Be3 ({Better is} 35. Qxd1 $16 Rxd1 36. Nf3) 35... Qxe2+ 36. Rxe2 Nc4 37. Bc5 (37. Bf4 $14) 37... Rd5 $11 {[%emt 0:00:25][%csl LRc5,LRe5] [#] The position is equal.} 38. Bd6 Nxd6 (38... Kh7 39. Kg2) 39. exd6 Rxd6 {[%emt 0:00:01][%mdl 4096] Endgame KRN-KR} 40. Kg2 g5 41. hxg5 hxg5 42. Kf3 f6 {[%emt 0:00:24] Against Re5} 43. Rc2 Kf7 44. Ke3 Rd1 45. Nd3 Rg1 46. Kf2 Rh1 {[%emt 0:00:22] Hoping for ...Rh2+.} 47. Ne1 Rh2+ 48. Ng2 Rh1 49. Ne1 Rh2+ 50. Ng2 Rh1 51. Ne1 Rh2+ {Weighted Error Value: White=0.10 (very precise) /Black=0.11 (very precise)} 1/2-1/2

[Event "SixDays Budapest January-GM 2023"]
[Site "Budapest"]
[Date "2023.01.24"]
[Round "2.4"]
[White "Berczes, David"]
[Black "Hacker, Jonas"]
[Result "1-0"]
[ECO "A06"]
[WhiteElo "2436"]
[BlackElo "2446"]
[Annotator "TA"]
[PlyCount "86"]
[EventDate "2023.01.23"]
[EventType "tourn"]
[EventCountry "HUN"]
[SourceTitle "playchess.com"]
[Source "ChessBase"]
[SourceQuality "1"]
[TimeControl "5400+30"]

1. Nf3 d5 2. g3 Bg4 3. Bg2 Nd7 4. O-O c6 5. h3 Bh5 6. d3 Ngf6 7. Qe1 {[%emt 0:05:09] A07: Réti Opening: New York and Capablanca Systems.} e5 8. e4 dxe4 9. dxe4 {[%emt 0:00:08] The position is equal.} Bc5 10. b4 Bxf3 11. Bxf3 Be7 {[%emt 0:01:04] [#]} 12. a4 $146 ({Predecessor:} 12. Bd2 O-O 13. a4 Qc7 14. Na3 Rfd8 15. Qe2 Nf8 16. Nc4 Ne6 17. Bg2 Nd4 18. Qd1 {½-½ Moutousis,K (2449)-Halkias,S (2564) GRE-ch Katakolo 2009 (2)}) 12... a5 13. bxa5 Qxa5 14. Qxa5 Rxa5 15. Bd2 Ra7 16. Bc3 $1 O-O 17. Nd2 b5 18. axb5 Rxa1 19. Bxa1 {[%emt 0:00:07] This pair of bishops is nice.} cxb5 20. Be2 Rc8 21. Bd3 b4 22. f3 Nh5 23. Kg2 Rc6 24. Kh2 f6 25. Nc4 Bc5 26. f4 b3 27. cxb3 $18 Ra6 28. Bb2 {[%emt 0:01:26][%cal Rc4e5] [#] Nxe5! is the strong threat.} (28. fxe5 $6 Nxe5 29. Bxe5 fxe5 $16) 28... Ra2 29. Bb1 Ra7 (29... Ra8 {might work better.} 30. Rd1 (30. fxe5 fxe5 31. Bc3 Nhf6 $18) 30... Nb6 31. Nxb6 (31. fxe5 Nxc4 32. bxc4 Rb8 $18) 31... Bxb6 32. fxe5 Bc7 33. exf6 (33. g4 Nf4 $16) 33... Bxg3+ 34. Kg2 gxf6 35. Bxf6 Bc7) 30. fxe5 fxe5 31. Bd3 ({Don't play} 31. Bxe5 $6 Nxe5 32. Nxe5 Bd6 $16) 31... Bd4 32. b4 {[%emt 0:00:21] Wards off Nc5} ({White should play} 32. Bxd4 $18 exd4 33. Bb1) 32... Ra2 (32... Bxb2 $16 33. Nxb2 Nhf6) 33. Rb1 $2 {[#]} (33. Bb1 $18 Ra4 34. Bxd4 exd4 35. e5) 33... Kf8 $16 34. Kg2 Ke7 (34... Nb6 $142 35. Nxb6 Rxb2+ 36. Rxb2 Bxb2) 35. Kf3 Bxb2 36. Rxb2 Rxb2 37. Nxb2 {[%emt 0:00:02][%mdl 4096] Endgame KBN-KNN} Nb6 38. Bc4 Nf6 39. Bb3 Kd6 40. Nd3 Nbd7 41. Ba4 Nb6 {[%emt 0:00:57] White is better.} 42. Bb5 g5 43. Nf2 h5 {[%emt 0:00:43] Wards off Ng4.   Weighted Error Value: White=0.16 (very precise) /Black=0.17 (very precise)} 1-0